 Dungeon Crawl Stone Soup version 0.26.1-15-g04117e645d (webtiles) character file.

Game seed: 13927748145727299485

67519 pedura the Fighter (level 14, -7/130 (133) HPs)
             Began as a White Draconian Transmuter on Oct 8, 2022.
             Was an Elder of Sif Muna.
             Mangled by a quicksilver dragon (19 damage)
             ... on level 2 of the Orcish Mines.
             The game lasted 01:03:30 (42250 turns).

pedura the Fighter (White Draconian Transmuter)    Turns: 42250, Time: 01:03:31

HP:   -7/130 (133)  AC: 11    Str: 13    XL:     14   Next: 83%
MP:   10/17         EV: 19    Int: 19    God:    Sif Muna [****..]
Gold: 1946          SH:  0    Dex: 11    Spells: 2/17 levels left

rFire    . . .     SeeInvis .     - Unarmed
rCold    + . .     Faith    .   (no shield)
rNeg     . . .     Spirit   .   (armour unavailable)
rPois    .         Reflect  .   K - +1 hat
rElec    .         Harm     .   A - +0 cloak
rCorr    .         Rampage  .   (no gloves)
Will     ++...                  w - +0 pair of boots
Stlth    +.........             (no amulet)
HPRegen  0.31/turn              p - ring of willpower
MPRegen  0.15/turn              a - +4 ring of slaying

@: lightly drained
A: breathe frost, unfitting armour, cold resistance 1, cold-blooded, AC +8
a: Breathe Frost, Renounce Religion, Channel Magic, Forget Spell, Divine
Exegesis


You were on level 2 of the Orcish Mines.
You worshipped Sif Muna.
Sif Muna was greatly pleased with you.
You visited 4 branches of the dungeon, and saw 21 of its levels.

You collected 1946 gold pieces.

Inventory:

Hand Weapons
 e - a +3 dagger
 I - a +0 scimitar of flaming
Missiles
 d - 559 stones
 h - 165 sling bullets
 n - 63 poisoned darts (quivered)
Armour
 w - a +0 pair of boots (worn)
 A - a +0 cloak (worn)
 G - a scarf of invisibility
 K - a +1 hat (worn)
Jewellery
 a - a +4 ring of slaying (right hand)
 j - a +4 ring of slaying
 k - an uncursed ring of willpower
 p - a ring of willpower (left hand)
 s - an uncursed ring of ice
 E - an uncursed ring of see invisible
 R - an uncursed ring of wizardry
Wands
 q - a wand of random effects (32)
 y - a wand of polymorph (13)
 F - a wand of paralysis (9)
 H - a wand of enslavement (5)
 M - a wand of digging (9)
 P - a wand of flame (14)
Scrolls
 b - 5 scrolls of teleportation
 c - 4 scrolls of fog
 g - 2 scrolls of vulnerability {unknown}
 l - 5 scrolls of noise
 t - 8 scrolls of amnesia
 u - 6 scrolls of enchant weapon
 v - 13 scrolls of remove curse
 B - 3 scrolls of magic mapping
 C - a scroll of torment {unknown}
 L - 3 scrolls of acquirement {unknown}
 O - a scroll of brand weapon {unknown}
 Q - 2 scrolls of blinking {unknown}
Potions
 f - 4 potions of haste
 i - a potion of berserk rage
 m - 2 potions of brilliance
 o - 2 potions of heal wounds
 r - a potion of attraction
 x - 3 potions of magic
 z - a potion of mutation
 D - 7 potions of curing
 N - 3 potions of might
 S - a potion of cancellation {unknown}


   Skills:
 + Level 14.5 Fighting
 + Level 13.7 Dodging
 + Level 13.7 Unarmed Combat
 - Level 2.0 Spellcasting
 - Level 10.6 Transmutations


You had 2 spell levels left.
You knew the following spells:

 Your Spells              Type           Power        Failure   Level
a - Beastly Appendage     Tmut           84%          1%          1
b - Wereblood             Tmut           42%          1%          2
c - Spider Form           Tmut/Pois      11%          6%          3
d - Blade Hands           Tmut           21%          6%          5
e - Ice Form              Ice/Tmut       22%          19%         4

Your spell library contained the following spells:

 Spells                   Type           Power        Failure   Level
 Animate Skeleton         Necr           2%           17%         1
 Apportation              Tloc           2%           17%         1
 Corona                   Hex            1%           17%         1
 Summon Small Mammal      Summ           4%           17%         1
 Ensorcelled Hibernation  Hex/Ice        2%           26%         2
 Confusing Touch          Hex            1%           45%         3
 Dazzling Flash           Conj/Hex       2%           45%         3
 Tukima's Dance           Hex            1%           45%         3


Dungeon Overview and Level Annotations

Branches:
Dungeon (12/15)            Temple (1/1) D:4            Lair (6/6) D:11
 Shoals (0/4) Lair:2        Snake (0/4) Lair:4        Slime (0/5) Lair:6
    Orc (2/2) D:9
    Elf: Orc:2

Altars:
Ashenzari
Cheibriados
Dithmenos
Elyvilon
Fedhas
Gozag
Hepliaklqana
Kikubaaqudgha
Makhleb
Nemelex Xobeh
Okawaru
Qazlal
Ru
Sif Muna
Trog
Uskayaw
Vehumet
Wu Jian
Xom
Yredelemnul
Zin
The Shining One
Jiyva

Shops:
Orc:2 (!?

Annotations:
D:2 exclusion: downstairs
Lair:3 3 runed translucent doors, Huasawuy's ghost, journeyman TrWz


Innate Abilities, Weirdness & Mutations

You can breathe waves of freezing cold.
You can buffet flying creatures when you breathe cold.
Your icy white scales are hard. (AC +8)
You cannot fit into any form of body armour.
Your flesh is cold resistant. (rC+)
You are cold-blooded and may be slowed by cold attacks.


Message History

Your hands revert to their normal proportions.
The quicksilver dragon breathes dispelling energy at you.
The bolt of dispelling energy hits you!!
* * * LOW HITPOINT WARNING * * *
An orc sorcerer comes into view. It is wielding a +0 dagger.
You hear a shout!
As you read the scroll of teleportation, it crumbles to dust.
You feel strangely unstable.
An orc warrior comes into view. It is wielding a +0 vampiric hand axe.
The quicksilver dragon bites you but does no damage.
The quicksilver dragon claws you!
* * * LOW HITPOINT WARNING * * *
Unknown command.
You feel much better.
The quicksilver dragon breathes dispelling energy at you.
The bolt of dispelling energy hits you!!
You feel strangely stable.
* * * LOW HITPOINT WARNING * * *
The quicksilver dragon bites you!!
You die...

##.....## #.. ##.##....#
#.. #...#...## ##.
#.#.....## #. #####.....#
### ## ###.#..h...###
##.## # .#.......T...##
##...###
.[<.....[...))###.#....#
.[[............#@...)..##
.[....##.h....oD#.......#
......###.o....T.......##
......##.......##.......#
..............##..⌠.⌠..##
.............####..∩....#
### .#..........##
##⌠.⌠#.## ###.#
###........# #......#
##.... #.......
#..#....###.....


You could see a quicksilver dragon (catching breath), a troll, a warg and 2 orc
warriors.

Vanquished Creatures
  Gastronok (D:9)
  A stone giant (Orc:1)
  3 boulder beetles
  4 hydras
  Erica (D:8)
  4 death yaks (Lair:5)
  3 two-headed ogres
  A soul eater (Orc:2)
  A goliath frog (Lair:4)
  An unseen horror (D:10)
  2 torturous demonspawn (Orc:2)
  An infernal demonspawn (Orc:2)
  4 orc knights
  Pikel (D:5)
  6 orc sorcerers
  A cyclops (D:12)
  12 elephants
  4 black mambas
  Joseph (D:8)
  20 cane toads
  A centaur zombie (D:12)
  2 orange demons (Orc:2)
  An eye of devastation (Lair:4)
  9 komodo dragons
  3 rime drakes
  A red devil (Orc:2)
  A polar bear (Lair:4)
  4 trolls
  4 tyrant leeches
  Prince Ribbit (Lair:1)
  26 blink frogs
  4 dream sheep (Lair:5)
  Sigmund (D:4)
  A wraith (D:12)
  49 yaks
  3 spriggans (Lair:1)
  4 wyverns
  2 basilisks
  Eustachio (D:5)
  6 vampire mosquitoes (Lair:6)
  A steam dragon (D:8)
  An acid dragon (D:11)
  8 water moccasins
  34 orc warriors
  An ice beast (D:12)
  4 sky beasts
  3 black bears
  3 phantoms
  8 necrophages (D:7)
  6 ogres
  20 wolves
  4 centaurs
  3 lemures (D:5)
  Blork the orc (D:5)
  2 big kobolds (D:10)
  22 bullfrogs
  A gnoll sergeant (D:9)
  2 scorpions
  A water moccasin skeleton (D:10)
  6 killer bees (D:9)
  3 electric eels (Lair:4)
  14 wights
  3 howler monkeys
  A quasit (D:8)
  A bullfrog zombie (D:9)
  A centaur skeleton (D:9)
  2 jellies
  A gnoll shaman (D:7)
  25 orc priests
  Crazy Yiuf (D:6)
  9 hounds
  2 bullfrog skeletons
  Jessica (D:2)
  Natasha (twice) (D:1)
  3 iguanas
  20 orc wizards
  8 worker ants
  A hound skeleton (D:6)
  3 worker ant zombies
  Robin (D:3)
  9 gnolls
  A howler monkey skeleton (D:7)
  9 adders
  3 shadow imps
  3 white imps
  4 ufetubi
  3 oozes
  An adder zombie (D:7)
  An adder skeleton (D:6)
  2 worms (D:2)
  2 dart slugs (D:1)
  6 leopard geckos
  80 orcs
  4 giant cockroaches
  19 goblins
  5 hobgoblins
  12 jackals
  6 quokkas
  A ball python (D:6)
  7 bats
  13 frilled lizards
  A jackal skeleton (D:5)
  A jackal zombie (D:5)
  16 kobolds
  A leopard gecko skeleton (D:4)
  3 rats
642 creatures vanquished.

Vanquished Creatures (others)
  54 fungi
  135 plants
  A withered plant (D:7)
190 creatures vanquished.

Grand Total: 832 creatures vanquished

Notes
Turn   | Place    | Note
-------+----------+-------------------------------------------
     0 | D:1      | pedura the Draconian Transmuter began the quest for the
                  | Orb.
     0 | D:1      | Reached XP level 1. HP: 16/16 MP: 3/3
   131 | D:1      | Reached XP level 2. HP: 20/23 MP: 3/5
   144 | D:1      | Learned a level 2 spell: Wereblood
  1037 | D:2      | Noticed Jessica
  1050 | D:2      | Killed Jessica
  1051 | D:2      | Reached XP level 3. HP: 23/28 MP: 4/6
  1055 | D:2      | Learned a level 3 spell: Spider Form
  1120 | D:2      | Noticed Natasha
  1133 | D:1      | Killed Natasha
  1134 | D:1      | Reached XP level 4. HP: 18/35 MP: 3/7
  1916 | D:1      | Noticed Natasha
  1928 | D:1      | Killed Natasha
  1929 | D:1      | Reached skill level 5 in Transmutations
  2066 | D:2      | Reached XP level 5. HP: 37/40 MP: 4/8
  2169 | D:2      | Noticed a phantom
  3003 | D:3      | Reached XP level 6. HP: 30/47 MP: 7/9
  4318 | D:3      | Found a stormy altar of Qazlal.
  4451 | D:3      | Noticed Robin
  5019 | D:3      | Killed Robin
  5802 | D:4      | Noticed Sigmund
  6067 | D:4      | Killed Sigmund
  6068 | D:4      | Your scales start taking on an icy white colour.
  6068 | D:4      | Reached XP level 7. HP: 40/52 MP: 6/10
  6068 | D:4      | Gained mutation: Your flesh is cold resistant. (rC+) [White
                  | Draconian growth]
  6250 | D:4      | Found an opulent altar of Gozag.
  6321 | D:4      | Found a staircase to the Ecumenical Temple.
  6330 | Temple   | Entered the Ecumenical Temple
  7295 | D:5      | Entered Level 5 of the Dungeon
  7608 | D:5      | Noticed Eustachio
  7630 | D:5      | Killed Eustachio
  7706 | D:5      | Reached XP level 8. HP: 55/59 MP: 11/11
  7713 | D:5      | Learned a level 5 spell: Blade Hands
  7904 | D:5      | Reached skill level 10 in Transmutations
  9499 | D:6      | Noticed Blork the orc
  9735 | D:5      | Killed Blork the orc
  9736 | D:5      | Reached skill level 2 in Fighting
  9829 | D:6      | Noticed Pikel
  9942 | D:5      | Killed Pikel
  9943 | D:5      | Reached skill level 4 in Fighting
  9943 | D:5      | Reached XP level 9. HP: 55/71 MP: 7/12
 10230 | D:6      | Reached skill level 5 in Unarmed Combat
 10303 | D:6      | Found a hazy altar of Hepliaklqana.
 10373 | D:6      | Found a runed translucent door.
 10374 | D:6      | Noticed Crazy Yiuf
 10615 | D:6      | Found a sacrificial altar of Ru.
 10794 | D:6      | Found an ancient bone altar of Kikubaaqudgha.
 10869 | D:6      | Reached skill level 5 in Fighting
 11116 | D:6      | Killed Crazy Yiuf
 11212 | D:7      | Found a glowing golden altar of the Shining One.
 11661 | D:7      | Reached skill level 6 in Fighting
 11799 | D:7      | Found a glowing silver altar of Zin.
 11799 | D:7      | Found a hide-covered altar of Uskayaw.
 11996 | D:7      | Reached skill level 7 in Fighting
 12786 | D:7      | Reached XP level 10. HP: 76/88 MP: 7/13
 12993 | D:7      | Found a radiant altar of Vehumet.
 13011 | D:7      | Reached skill level 8 in Fighting
 13498 | D:8      | Noticed Joseph
 13508 | D:8      | Killed Joseph
 13645 | D:8      | Found an iron altar of Okawaru.
 14121 | D:8      | Noticed Erica
 14212 | D:8      | Killed Erica
 14213 | D:8      | Reached skill level 5 in Dodging
 15031 | D:9      | Found a shimmering blue altar of Sif Muna.
 15040 | D:9      | You fall into a shaft and drop 1 floor!
 15040 | D:10     | Entered Level 10 of the Dungeon
 15350 | D:10     | Noticed an unseen horror
 15358 | D:10     | Killed an unseen horror
 15551 | D:9      | Noticed Gastronok
 15672 | D:10     | Reached XP level 11. HP: 64/95 MP: 5/14
 15807 | D:9      | Killed Gastronok
 15808 | D:9      | Reached skill level 9 in Fighting
 16016 | D:9      | Found a white marble altar of Elyvilon.
 17423 | D:9      | Found a shimmering altar of Xom.
 17573 | D:9      | Found a staircase to the Orcish Mines.
 19058 | D:11     | Noticed a boulder beetle
 19077 | D:11     | Killed a boulder beetle
 19277 | D:11     | Reached skill level 10 in Fighting
 19395 | D:11     | Found a staircase to the Lair.
 20065 | D:11     | Noticed a lindwurm
 20103 | D:11     | Noticed a lindwurm
 20146 | Lair:1   | Entered Level 1 of the Lair of Beasts
 20448 | Lair:1   | Reached skill level 10 in Unarmed Combat
 20956 | Lair:1   | Reached XP level 12. HP: 107/107 MP: 9/15
 21011 | Lair:1   | Learned a level 4 spell: Ice Form
 21157 | Lair:1   | Noticed a four-headed hydra
 21168 | Lair:1   | Killed a one-headed hydra
 22081 | Lair:2   | Noticed Prince Ribbit
 22162 | Lair:1   | Killed Prince Ribbit
 22339 | Lair:1   | Reached skill level 11 in Fighting
 23097 | Lair:2   | Found a staircase to the Shoals.
 23143 | Lair:2   | Noticed a boulder beetle
 23156 | Lair:2   | Killed a boulder beetle
 23157 | Lair:2   | Reached skill level 10 in Dodging
 24022 | Lair:3   | Noticed a four-headed hydra
 24034 | Lair:3   | Killed a one-headed hydra
 24480 | Lair:3   | Found a runed translucent gate.
 24480 | Lair:3   | Found a runed translucent gate.
 24480 | Lair:3   | Found a runed translucent gate.
 24480 | Lair:3   | Noticed a minotaur
 24880 | Lair:3   | Noticed Huasawuy's ghost (journeyman TrWz)
 25140 | Lair:3   | Noticed a five-headed hydra
 25166 | Lair:3   | HP: 1/110 [three-headed hydra (5)]
 25601 | Lair:3   | Killed a one-headed hydra
 26578 | D:9      | Became a worshipper of Sif Muna the Loreminder
 27239 | Lair:4   | Reached XP level 13. HP: 93/117 MP: 10/16
 27745 | Lair:4   | Noticed a bunyip
 27745 | Lair:4   | a seven-headed hydra changed into a bunyip
 27746 | Lair:4   | a bunyip changed into an eye of devastation
 27894 | Lair:4   | Found a staircase to the Snake Pit.
 29658 | Lair:5   | Reached skill level 12 in Fighting
 30467 | D:12     | Reached * piety under Sif Muna
 31004 | Orc:1    | Entered Level 1 of the Orcish Mines
 31321 | Orc:1    | Noticed a stone giant
 31885 | Orc:1    | Killed a stone giant
 32082 | Orc:2    | Entered Level 2 of the Orcish Mines
 32534 | Orc:2    | Noticed an orc warlord
 32541 | Orc:2    | Noticed a quicksilver dragon
 32541 | Orc:2    | an orc warlord changed into a quicksilver dragon
 33742 | Lair:6   | Entered Level 6 of the Lair of Beasts
 33938 | Lair:6   | Reached ** piety under Sif Muna
 34360 | Lair:6   | Reached skill level 13 in Fighting
 35324 | Lair:6   | Reached XP level 14. HP: 102/129 MP: 11/17
 35837 | Lair:6   | Found a staircase to the Slime Pits.
 35838 | Lair:6   | Found a viscous altar of Jiyva.
 36999 | Lair:5   | Reached *** piety under Sif Muna
 38693 | Lair:6   | Reached skill level 14 in Fighting
 39460 | Orc:2    | Reached **** piety under Sif Muna
 41258 | Orc:2    | Found Wiacw's Magic Scroll Emporium.
 41259 | Orc:2    | Found Boorph Meiwap's Distillery.
 42185 | Orc:2    | Found Rorphugre's Antique Weapon Emporium.
 42250 | Orc:2    | Mangled by a quicksilver dragon

Illustrated notes

Levels and vault maps discovered:
D:1:      erik_arrival_blinker_ship, layout_loops_ring, minmay_misc_feat_room
D:2:      layout_rooms, uniq_natasha, uniq_jessica
D:3:      layout_loops_cross, nicolae_qazlal_eye_of_the_storm,
          minmay_lizard_king, uniq_robin
D:4:      layout_layer_cave, nicolae_overflow_hidden_temple,
          minmay_temple_entry_statues, uniq_sigmund
D:5:      layout_layer_cave, serial_park_tiny_1, kennysheep_minor_cross,
          uniq_eustachio
D:6:      black_bear_nest_1, layout_cave_pools, nzn_hepliaklqana_mist_gate,
          hangedman_ru_absence, lemuel_coloured_pillars_altar,
          eino_tiny_chamber, uniq_blork_the_orc, uniq_pikel,
          uniq_crazy_yiuf_cottage
D:7:      layout_basic, tso_altar, vehumet_crystals,
          gammafunk_temple_overflow_pools, serial_undead, serial_undead_f,
          serial_undead_c, serial_undead_c, serial_undead_e, serial_undead_f,
          serial_undead_d, serial_undead_d, serial_undead_a
D:8:      layout_loops_corners, lemuel_doored_altar, uniq_joseph, uniq_erica
D:9:      layout_roguey, general_overflow_altar, marbit_many_paths, david_orc_4,
          basic_altar, hangedman_decor_points, uniq_gastronok
D:10:     layout_rooms
D:11:     layout_basic, david_lair_shrubbed, minmay_lindwurm_lava
D:12:     layout_long_grid
Temple:   zaba_magenta_temple
Lair:1:   layout_small_grid, minmay_stone_trees_medium, wad_woods_02
Lair:2:   layout_regular_city, shoals_dummy_entry, uniq_prince_ribbit2
Lair:3:   layout_cellular_growth, maelrawn_ghost_gauntlet_escape
Lair:4:   layout_regular_city, dummy_snake_entry, serial_bayou_shore_a
Lair:5:   layout_regular_city
Lair:6:   minmay_lair_end_frog_pond, layout_gridlike, slime_altar_1,
          infiniplex_staircase_pool
Orc:1:    layout_caves
Orc:2:    pf_orc_diabolical, layout_diamond_mine, serial_shops, shop_fountains,
          mines_bat_river

Skill      XL: |  1  2  3  4  5  6  7  8  9 10 11 12 13 14 |
---------------+-------------------------------------------+-----
Transmutations | 4 5 6 8 9 10 | 10.6
Fighting       | 4 7 8 10 11 13 14 | 14.5
Unarmed Combat | 4 7 8 10 11 12 13 | 13.7
Dodging        | 7 9 11 12 13 | 13.7
Spellcasting   | |  2.0

Action                   |  1- 3 |  4- 6 |  7- 9 | 10-12 | 13-15 || total
-------------------------+-------+-------+-------+-------+-------++-------
Melee: Unarmed           |    35 |   159 |   157 |   426 |   524 ||  1301
       Headbutt          |    11 |    10 |       |       |       ||    21
       Tailslap          |     5 |     5 |    19 |    56 |    74 ||   159
       Short sword       |    24 |    20 |     2 |       |       ||    46
       Kick              |     9 |    12 |     1 |       |       ||    22
       Mace              |       |    87 |       |       |       ||    87
       Dagger            |       |    56 |    64 |    43 |       ||   163
       Punch             |       |       |     1 |    16 |    25 ||    42
       Scimitar          |       |       |       |    26 |    42 ||    68
 Fire: Hunting sling     |     8 |    22 |       |       |       ||    30
Throw: Dart              |       |       |    12 |    12 |     4 ||    28
 Cast: Beastly Appendage |    13 |    11 |     2 |       |       ||    26
       Spider Form       |     1 |    30 |     6 |       |       ||    37
       Blade Hands       |       |       |    36 |    91 |   102 ||   229
       Ice Form          |       |       |       |     1 |       ||     1
 Abil: Breathe Frost     |       |       |     1 |     2 |     2 ||     5
       End Transformatio |       |       |       |       |     3 ||     3
Evoke: Wand              |       |       |       |       |    16 ||    16
  Use: Scroll            |       |     7 |     2 |    13 |     9 ||    31
       Potion            |       |       |       |     2 |     6 ||     8
 Stab: Sleeping          |       |       |     1 |       |       ||     1
Armor: Skin              |    16 |    63 |    70 |   114 |   118 ||   381
Dodge: Dodged            |    46 |   241 |   152 |   382 |   514 ||  1335
       Rpst.: Scimitar   |       |       |       |     7 |    15 ||    22
